 Dungeon Crawl Stone Soup version 0.30-a0-691-g754fce4c43 (webtiles) character file.

Game seed: 9696219923872379107

26103 PyroL the Fighter (level 13, -8/113 HPs)
             Began as a Djinni Warper on Jan 20, 2023.
             Was a High Priest of Ashenzari.
             Mangled by a pharaoh ant (32 damage)
             ... on level 3 of the Lair of Beasts.
             The game lasted 00:41:16 (14107 turns).

PyroL the Fighter (Djinni Warper)                  Turns: 14107, Time: 00:41:17

Health: -8/113     AC:  9    Str: 10    XL:     13   Next: 55%
Gold:   432        EV: 14    Int: 18    God:    Ashenzari [*****.] SH:  6 Dex: 17

rFire   + + .      SeeInvis +    I - +6 spear of Ashenzari's Sybil {venom, rCorr Int-5 Dex+2 SInv, Self, Melee} (curse)
rCold   x . .      Faith    .    J - +0 buckler of Ashenzari's Bitterness {Evo, Cun} (curse)
rNeg    . . .      Spirit   .    t - +1 robe "Share My Doubts" {rPois Regen+ MP-9 Int+5, Fort, Melee} (curse)
rPois   ∞          Reflect  .    x - +2 helmet "Shackled Together" {Evo, Fort} (curse)
rElec   .          Harm     .    (no cloak)
rCorr   +          Rampage  .    Q - +1 pair of gloves "Xekk" {Will+}
Will    +++..      Clarity  +    (boots unavailable)
Stlth   ++                       a - amulet of the Stellar Servitude {Acrobat, Fort, Self} (curse)
HPRegen 1.18/turn                w - ring of Ashenzari's Stars {Slay+4, Evo, Range} (curse)
MPRegen 0.00/turn                H - ring of Ashenzari's Repose {Will+, Range, Cun} (curse)

@: flying, studying 2 skills
A: sickness immunity, fire resistance 2, cold vulnerability 1, float, innate
caster, HP casting, extra vitality 1
a: Renounce Religion, Shatter the Chains


You were on level 3 of the Lair of Beasts.
You worshipped Ashenzari.
Ashenzari was extremely pleased with you.
You visited 3 branches of the dungeon, and saw 15 of its levels.

You collected 838 gold pieces.
You spent 406 gold pieces at shops.

Inventory:

Hand Weapons
 G - a +0 trident
 I - the cursed +6 spear of Ashenzari's Sybil (weapon) {venom, rCorr Int-5 Dex+2 SInv, Self, Melee}
   (You found it on level 7 of the Dungeon)

   Int:       It affects your intelligence (-5).
   Dex:       It affects your dexterity (+2).
   SInv:      It lets you see invisible.
   rCorr:     It protects you from acid and corrosion.
   It has a curse which improves the following skills: Introspection: Fighting
   and Spellcasting.
   Melee Combat: Short Blades, Long Blades, Axes, Maces & Flails, Polearms,
   Staves and Unarmed Combat.
 K - a +4 dagger of holy wrath
Missiles
 c - 5 boomerangs of dispersal
 o - 10 poisoned darts
 D - 7 boomerangs
Armour
 t - the cursed +1 robe "Share My Doubts" (worn) {rPois Regen+ MP-9 Int+5, Fort, Melee}
   (You bought it in a shop on level 3 of the Dungeon)

   Int:       It affects your intelligence (+5).
   rPois:     It protects you from poison.
   MP:        It affects your magic capacity (-9).
   Regen:     It increases your rate of health regeneration.
   It has a curse which improves the following skills: Fortitude: Armour and
   Shields.
   Melee Combat: Short Blades, Long Blades, Axes, Maces & Flails, Polearms,
   Staves and Unarmed Combat.
 x - the cursed +2 helmet "Shackled Together" (worn) {Evo, Fort}
   (You found it on level 5 of the Dungeon)

   It has a curse which improves the following skills: Evocations: Evocations.
   Fortitude: Armour and Shields.
 J - the cursed +0 buckler of Ashenzari's Bitterness (worn) {Evo, Cun}
   (You took it off a gnoll sergeant on level 6 of the Dungeon)

   It has a curse which improves the following skills: Evocations: Evocations.
   Cunning:   Dodging and Stealth.
 Q - the +1 pair of gloves "Xekk" (worn) {Will+}
   (You bought it in a shop on level 4 of the Dungeon)

   Will:      It increases your willpower.
Jewellery
 a - the cursed amulet of the Stellar Servitude (around neck) {Acrobat, Fort, Self}
   (You took it off a goblin on level 2 of the Dungeon)

   [amulet of the acrobat]

   It increases your evasion while moving and waiting.
   It has a curse which improves the following skills: Fortitude: Armour and
   Shields.
   Introspection: Fighting and Spellcasting.
 i - a ring of positive energy
 w - the cursed ring of Ashenzari's Stars (left hand) {Slay+4, Evo, Range}
   (You found it on level 4 of the Dungeon)

   [ring of slaying]

   Slay:      It affects your accuracy & damage with ranged weapons and melee
   (+4).
   It has a curse which improves the following skills: Evocations: Evocations.
   Ranged Combat: Ranged Weapons and Throwing.
 B - a ring of protection from cold
 H - the cursed ring of Ashenzari's Repose (right hand) {Will+, Range, Cun}
   (You found it on level 6 of the Dungeon)

   [ring of willpower]

   Will:      It increases your willpower.
   It has a curse which improves the following skills: Ranged Combat: Ranged
   Weapons and Throwing.
   Cunning:   Dodging and Stealth.
Wands
 m - a wand of polymorph (5)
 A - a wand of flame (14)
 L - a wand of iceblast (6)
 O - a wand of charming (8)
Scrolls
 b - 4 scrolls of blinking
 e - 2 scrolls of fog
 f - 2 scrolls of magic mapping
 p - 4 scrolls of vulnerability
 r - 2 scrolls of immolation
 u - 7 scrolls of teleportation
 y - 3 scrolls of enchant armour
 C - a scroll of silence
 E - 5 scrolls of poison
 M - a scroll of enchant weapon
Potions
 d - 6 potions of haste
 g - 3 potions of attraction
 h - 2 potions of cancellation
 j - 5 potions of brilliance
 k - 8 potions of curing
 l - 2 potions of might
 n - 2 potions of heal wounds
 q - 3 potions of mutation
 s - 2 potions of ambrosia
 z - 2 potions of berserk rage
 F - a potion of resistance
 N - a potion of invisibility
Miscellaneous
 v - a tin of tremorstones (2/2)
 P - a lightning rod (4/4)


   Skills:
 * Level 14.4(17.8) Fighting
 - Level 4.2(7.7) Axes
 - Level 2.9(6.7) Maces & Flails
 - Level 0.5(3.9) Polearms
 - Level 3.2(6.6) Staves
 - Level 0.7(2.3) Throwing
 - Level 2.8(6.4) Armour
 - Level 2.5(5.2) Dodging
 - Level 2.4(5.8) Shields
 - Level 2.3(5.0) Unarmed Combat
 + Level 12.1(15.5) Spellcasting
 - Level 4.2(8.3) Evocations


You had 11 spell levels left.
You knew the following spells:

 Your Spells              Type           Power      Damage    Failure   Level
a - Blink                 Tloc           100%       N/A       0%          2
b - Lesser Beckoning      Tloc           100%       N/A       0%          2
c - Vhi's Electric Charg  Tloc/Air       100%       N/A       1%          3
d - Teleport Other        Tloc           63%        N/A       1%          3
e - Manifold Assault      Tloc           63%        N/A       1%          4
f - Foxfire               Conj/Fire      100%       2x1d9     0%          1
g - Poisonous Vapours     Pois/Air       100%       N/A       0%          2
h - Passwall              Tmut/Erth      52%        N/A       0%          2
i - Swiftness             Air            63%        N/A       1%          3
j - Yara's Violent Unrav  Hex/Tmut       31%        3d13      1%          5
k - Agony                 Necr           63%        N/A       1%          5
Your spell library was empty.

Dungeon Overview and Level Annotations

Branches:
Dungeon (11/15)            Temple (1/1) D:6            Lair (3/5) D:8
 Shoals (0/4) Lair:2       Spider (0/4) Lair:3          Orc (0/2) D:11

Altars:
Ashenzari
Cheibriados
Dithmenos
Elyvilon
Fedhas
Gozag
Hepliaklqana
Makhleb
Nemelex Xobeh
Okawaru
Qazlal
Ru
Trog
Uskayaw
Wu Jian
Xom
Yredelemnul
Zin
The Shining One

Shops:
D:3 [   D:4 [

Annotations:
D:5 2 runed translucent doors
D:9 4 transporters


Innate Abilities, Weirdness & Mutations

You are immune to sickness and miasma.
You are immune to poison.
Your flesh is very heat resistant. (rF++)
You are vulnerable to cold. (rC-)
You float through the air rather than walking.
You learn spells naturally, not from books.
Your magical power is your life essence.
You have superior vitality. (+4 MHP)


Message History

You conjure some foxfire!
The pharaoh ant gives a chilling moan.
You conjure some foxfire!
The foxfire hits the pharaoh ant.
The pharaoh ant is lightly damaged.
You closely miss the pharaoh ant.
The pharaoh ant is lightly damaged.
The foxfire hits the tarantella.
The tarantella is lightly wounded.
The foxfire hits the pharaoh ant.
The pharaoh ant is lightly damaged.
The pharaoh ant completely misses you. You block the pharaoh ant's attack.
The foxfire hits the tarantella!
The tarantella is moderately wounded.
You hit the pharaoh ant.
The pharaoh ant is moderately damaged.
The tarantella touches you! The pharaoh ant bites you!!
You closely miss the pharaoh ant.
The pharaoh ant is moderately damaged.
The tarantella touches you! The pharaoh ant bites you!!
* * * LOW HITPOINT WARNING * * *
You block the tarantella's attack.
Casting: Foxfire (safe; 0% risk of failure)
Confirm with . or Enter, or press ? or * to list all spells.
You blink.
* * * LOW HITPOINT WARNING * * *
Okay, then.
Okay, then.
Casting: Blink (safe; 0% risk of failure)
Confirm with . or Enter, or press ? or * to list all spells.
Aiming: Teleport Other (safe; 1% risk of failure)
Press: ? - help, Shift-Dir - straight line, f - pharaoh ant
Aim: a pharaoh ant (lightly damaged, chance to affect: 55%)
The pharaoh ant looks slightly unstable.
* * * LOW HITPOINT WARNING * * *
Casting: Teleport Other (safe; 1% risk of failure)
Confirm with . or Enter, or press ? or * to list all spells.
You blink.
* * * LOW HITPOINT WARNING * * *
The pharaoh ant bites you!!
You die...

.....>.....................>.....
...........#.....................
............#....................
..#####..........###.####...#####
.., #..#......###....##§..#####
..,* #..#.......#......##§.##...
. , ..##.##..........##.§w.... **
...............#§..##.§. .,+ + .
....#@B§.....##..##... .,, ,,
,..... #s.......#§..#..{. .
,..>..###.......##...#... . *
..........##.####..##... . ,*
........#.#P..##...###PP . ,
#...#................#P. ....* *
... ##..#............... .... ,,
,. .. ................... ...##*
***.......................


You could see a pharaoh ant (teleporting) and a tarantella.

Vanquished Creatures
  Gastronok (Lair:3)
  2 hydras
  Erolcha (D:11)
  A catoblepas (Lair:2)
  Erica (D:7)
  3 boulder beetles
  3 two-headed ogres
  Sonja (Lair:3)
  A cyclops (D:11)
  3 elephants (Lair:3)
  Joseph (D:9)
  8 cane toads
  6 komodo dragons
  A troll (D:10)
  2 merfolk (Lair:2)
  A hornet (D:10)
  A tarantella (Lair:3)
  4 blink frogs
  Sigmund (D:2)
  2 shadows
  3 basilisks
  4 wyverns
  10 yaks
  A vampire (D:11)
  2 redbacks (Lair:3)
  3 steam dragons
  4 vampire mosquitoes (D:11)
  6 water moccasins
  2 acid dragons
  5 orc warriors
  2 sky beasts (D:7)
  Pargi (D:3)
  3 ice beasts
  4 black bears (D:5)
  3 ogres
  2 centaurs
  7 wolves (Lair:1)
  A kobold brigand (D:5)
  11 bullfrogs
  2 gnoll sergeants
  A necrophage (D:5)
  A scorpion (Lair:2)
  8 wights (D:8)
  14 killer bees
  3 howler monkeys
  An electric eel (Lair:1)
  A gnoll bouda (D:7)
  2 hounds
  A jelly (D:6)
  5 orc priests
  4 iguanas
  13 orc wizards
  Ijyb (D:3)
  Robin (D:2)
  16 gnolls
  5 adders
  A shadow imp (D:6)
  A white imp (D:7)
  An ufetubus (D:5)
  3 worms
  2 dart slugs (D:1)
  33 orcs
  7 ball pythons
  6 endoplasms
  9 giant cockroaches
  14 goblins
  18 hobgoblins
  6 jackals (D:4)
  A quokka (D:3)
  2 bats
  7 frilled lizards
  5 kobolds
  4 rats (D:3)
317 creatures vanquished.

Vanquished Creatures (collateral kills)
  14 foxfires
14 creatures vanquished.

Vanquished Creatures (others)
  A goblin (D:3)
  A hobgoblin (D:3)
  971 foxfires
  7 fungi
  14 plants
994 creatures vanquished.

Grand Total: 1325 creatures vanquished

Notes
Turn   | Place    | Note
-------+----------+-------------------------------------------
     0 | D:1      | PyroL the Djinni Warper began the quest for the Orb.
     0 | D:1      | PyroL set off with the following spells memorised: Blink,
                  | Lesser Beckoning, Vhi's Electric Charge, Teleport Other,
                  | Manifold Assault.
     0 | D:1      | Reached XP level 1. HP: 18/18 MP: 0/0
   246 | D:1      | Reached XP level 2. HP: 22/24 MP: 0/0
   534 | D:1      | Reached XP level 3. HP: 29/29 MP: 0/0
   534 | D:1      | Learned a level 1 spell: Foxfire
  1250 | D:2      | Found a burning altar of Makhleb.
  1255 | D:2      | Reached skill level 3 in Fighting
  1522 | D:2      | Noticed Sigmund
  1548 | D:2      | Killed Sigmund
  1549 | D:2      | Reached skill level 4 in Fighting
  1549 | D:2      | Reached XP level 4. HP: 8/38 MP: 0/0
  1549 | D:2      | Reached XP level 5. HP: 9/42 MP: 0/0
  1549 | D:2      | Learned a level 2 spell: Poisonous Vapours
  1549 | D:2      | Reached XP level 6. HP: 10/48 MP: 0/0
  1714 | D:2      | Noticed Robin
  1726 | D:2      | Killed Robin
  2103 | D:3      | Found a stormy altar of Qazlal.
  2480 | D:3      | Noticed Pargi
  2494 | D:3      | Killed Pargi
  2495 | D:3      | Reached skill level 5 in Fighting
  2495 | D:3      | Reached XP level 7. HP: 43/54 MP: 0/0
  2495 | D:3      | Learned a level 2 spell: Passwall
  2651 | D:3      | Found Byilio's Antique Armour Emporium.
  2662 | D:3      | Bought an ominously black robe for 119 gold pieces
  2662 | D:3      | Identified the +1 robe "Kohuanac" {rPois Regen+ MP-9 Int+5}
                  | (You bought it in a shop on level 3 of the Dungeon)
  2734 | D:3      | Noticed Ijyb
  2866 | D:3      | Killed Ijyb
  3184 | D:4      | Found Fuqag's Armour Shoppe.
  3710 | D:5      | Entered Level 5 of the Dungeon
  3721 | D:5      | Found a snail-covered altar of Cheibriados.
  3776 | D:5      | Reached skill level 6 in Fighting
  3776 | D:5      | Reached skill level 5 in Spellcasting
  3781 | D:5      | Reached XP level 8. HP: 53/61 MP: 0/0
  3800 | D:5      | Found a large runed translucent door.
  3801 | D:5      | Found a large runed translucent door.
  3883 | D:5      | Found a large runed translucent door.
  3895 | D:5      | Found a large runed translucent door.
  3939 | D:5      | Reached skill level 7 in Fighting
  4118 | D:5      | Noticed a two-headed ogre
  4242 | D:5      | Reached XP level 9. HP: 69/69 MP: 0/0
  4242 | D:5      | Learned a level 3 spell: Swiftness
  4245 | D:5      | Killed a two-headed ogre
  4246 | D:5      | Reached skill level 8 in Fighting
  4624 | D:6      | Reached skill level 9 in Fighting
  4829 | D:6      | Noticed a two-headed ogre
  4880 | D:6      | Found a glowing golden altar of the Shining One.
  4894 | D:6      | Found a staircase to the Ecumenical Temple.
  4904 | Temple   | Entered the Ecumenical Temple
  4909 | Temple   | Became a worshipper of Ashenzari the Shackled
  5024 | D:6      | Killed a two-headed ogre
  5025 | D:6      | Reached XP level 10. HP: 56/80 MP: 0/0
  5183 | D:6      | Reached skill level 10 in Fighting
  5499 | D:6      | Found an ornate altar of the Wu Jian Council.
  5797 | D:7      | Identified the +6 spear of Inquiry {venom, rCorr Int-5
                  | Dex+2 SInv}
  6509 | D:8      | Reached * piety under Ashenzari
  6509 | D:8      | Identified a scroll of acquirement
  6581 | D:8      | Noticed Erica
  6581 | D:8      | Identified the Notes on the Mortuary and Locality
  6615 | D:7      | Killed Erica
  6616 | D:7      | Reached skill level 11 in Fighting
  7039 | D:8      | Reached XP level 11. HP: 75/87 MP: 0/0
  7039 | D:8      | Learned a level 5 spell: Yara's Violent Unravelling
  7277 | D:8      | Found a staircase to the Lair.
  7436 | D:8      | Found an opulent altar of Gozag.
  7437 | D:8      | Found a hazy altar of Hepliaklqana.
  7512 | D:8      | Acquired a manual of Axes
  7785 | D:9      | Noticed Joseph
  7799 | D:9      | Killed Joseph
  7800 | D:9      | Reached skill level 12 in Fighting
  7845 | D:9      | Found a burning altar of Makhleb.
  7945 | D:9      | Reached ** piety under Ashenzari
  8065 | D:9      | Found a transporter.
  8083 | D:9      | Found a transporter.
  8127 | D:9      | Found a transporter.
  8189 | D:9      | Found a transporter.
  8417 | D:10     | Entered Level 10 of the Dungeon
  8450 | D:10     | Noticed a two-headed ogre
  8457 | D:10     | Noticed a boulder beetle
  8772 | D:10     | Reached *** piety under Ashenzari
  8873 | D:10     | Killed a boulder beetle
  8982 | D:10     | Killed a two-headed ogre
  8983 | D:10     | Reached skill level 1 in Axes
  8983 | D:10     | Reached skill level 1 in Staves
  8988 | D:10     | Reached skill level 1 in Maces & Flails
  9034 | D:10     | Identified the +1 robe "Pihorr" {rC+ rCorr}
  9218 | D:10     | Found a basalt altar of Yredelemnul.
  9460 | D:11     | Reached skill level 10 in Spellcasting
  9497 | D:11     | Noticed a boulder beetle
  9507 | D:11     | Killed a boulder beetle
  9508 | D:11     | Reached XP level 12. HP: 84/101 MP: 0/0
  9735 | D:11     | Found a staircase to the Orcish Mines.
  9755 | D:11     | Reached skill level 13 in Fighting
  9871 | D:11     | Noticed a boulder beetle
  9886 | D:11     | Killed a boulder beetle
 10118 | D:11     | Noticed Erolcha
 10130 | D:11     | Killed Erolcha
 10309 | D:6      | Reached **** piety under Ashenzari
 10799 | Lair:1   | Entered Level 1 of the Lair of Beasts
 10939 | Lair:1   | Acquired a manual of Spellcasting
 10952 | Lair:1   | Reached skill level 1 in Shields
 11464 | D:4      | Bought the +1 pair of gloves "Xekk" {Will+} for 287 gold
                  | pieces
 11969 | Lair:2   | Reached skill level 1 in Evocations
 12005 | Lair:2   | Noticed a catoblepas
 12031 | Lair:2   | Killed a catoblepas
 12376 | Lair:2   | Noticed an eight-headed hydra
 12395 | Lair:2   | Killed an eight-headed hydra
 12660 | Lair:2   | Found a staircase to the Shoals.
 12668 | Lair:2   | Reached XP level 13. HP: 80/108 MP: 0/0
 12668 | Lair:2   | Learned a level 5 spell: Agony
 13099 | Lair:3   | Noticed a five-headed hydra
 13111 | Lair:3   | Killed a five-headed hydra
 13619 | Lair:3   | Reached skill level 14 in Fighting
 13845 | Lair:3   | Noticed Gastronok
 13989 | Lair:3   | Noticed Sonja
 14018 | Lair:3   | Killed Sonja
 14039 | Lair:3   | Killed Gastronok
 14092 | Lair:3   | Reached ***** piety under Ashenzari
 14099 | Lair:3   | Found a hole to the Spider Nest.
 14107 | Lair:3   | Mangled by a pharaoh ant

Illustrated notes

Levels and vault maps discovered:
D:1:      ebering_trefoil_twist, layout_basic
D:2:      layout_loops_ring, basic_altar, minmay_goblin_kobold_house,
          uniq_sigmund, uniq_robin
D:3:      layout_rooms, amcnicky_altar_gilded, serial_shops, nicolae_shop_stone,
          nicolae_goblin_pals, uniq_ijyb, uniq_pargi
D:4:      layout_basic, serial_shops, nicolae_shop_hallway_stairs,
          hangedman_decor_points
D:5:      layout_cave_pools, lemuel_doored_altar, minmay_hollow_rounded_squares
D:6:      layout_cave_pods, mainiacjoe_overflow_big_doors,
          minmay_temple_entry_waves
D:7:      layout_loops_cross, chequers_serial_rivers_micro_c
D:8:      layout_rooms, nicolae_overflow_two_pavilions, erik_lair_dragon,
          minmay_misc_feat_ornament, uniq_erica
D:9:      layout_loops_cross, kennysheep_mini, nicolae_diode_intersection,
          uniq_joseph
D:10:     layout_basic, mainiacjoe_overflow_brackets, kennysheep_potato
D:11:     layout_loops_ring, orc_0_dummy, uniq_erolcha
Temple:   nicolae_temple_ecumenical_triangle
Lair:1:   beast_lair_carwin_large_1, layout_gridlike, minmay_hedge_maze,
          infiniplex_staircase_pool_2
Lair:2:   layout_roguey, elwin_shoals_entry_rooms
Lair:3:   layout_regular_city, nicolae_spider_entry_lesser_pyramids,
          chequers_serial_rivers_large_a, serial_bayou_shore_a, uniq_sonja,
          uniq_gastronok

Skill      XL: |  1  2  3  4  5  6  7  8  9 10 11 12 13 |
---------------+----------------------------------------+-----
Spellcasting   | 3 4 5 6 7 8 10 11 12 | 12.1
Fighting       | 4 5 6 7 9 11 12 13 14 | 14.4
Axes           | 2 4 |  4.2
Staves         | 1 3 |  3.2
Maces & Flails | 1 2 |  2.9
Shields        | 2 |  2.4
Armour         | 2 |  2.8
Evocations     | 3 4 |  4.2
Polearms       | |  0.5
Throwing       | |  0.7
Dodging        | |  2.5
Unarmed Combat | |  2.3

Action                   |  1- 3 |  4- 6 |  7- 9 | 10-12 | 13-15 || total
-------------------------+-------+-------+-------+-------+-------++-------
Melee: Unarmed           |   112 |    43 |     5 |       |       ||   160
       Punch             |     2 |     1 |       |     5 |       ||     8
       Dagger            |       |       |    99 |    31 |       ||   130
       Spear             |       |       |       |   366 |   114 ||   480
Throw: Boomerang         |     2 |       |       |       |       ||     2
 Cast: Foxfire           |    23 |    72 |   160 |   291 |    90 ||   636
       Blink             |     1 |       |       |    24 |     9 ||    34
       Poisonous Vapours |       |     1 |    15 |    46 |     9 ||    71
       Manifold Assault  |       |       |    20 |    92 |    18 ||   130
       Teleport Other    |       |       |     5 |     2 |     1 ||     8
       Vhi's Electric Ch |       |       |     2 |       |       ||     2
       Swiftness         |       |       |       |     1 |     1 ||     2
       Yara's Violent Un |       |       |       |     1 |       ||     1
Invok: Curse Item        |       |       |       |     6 |     1 ||     7
  Use: Scroll            |     1 |       |     5 |     3 |     1 ||    10
 Stab: Sleeping          |       |       |       |     2 |       ||     2
Armor: Leather armour    |    25 |       |       |       |       ||    25
       Robe              |       |    11 |    19 |    47 |    25 ||   102
Dodge: Dodged            |    66 |    40 |    68 |   226 |    50 ||   450
Block: Buckler           |       |       |       |    26 |    20 ||    46

Table legend: (Time is in decaauts)
 A = Elapsed time spent in this place.
 B = Non-inter-level travel time spent in this place.
 C = Inter-level travel time spent in this place.
 D = Time resting spent in this place.
 E = Time spent auto-exploring this place.
 F = Levels seen in this place.
 G = Mean time per level.
                   A        B        C        D        E       F      G
               +--------+--------+--------+--------+--------+-----+--------+
         Total |  14130 |  12992 |   1138 |   1442 |   8742 |  15 |  942.0 |
       Dungeon |  11064 |  10112 |    952 |   1036 |   7008 |  11 | 1005.8 |
        Temple |     41 |     41 |      0 |      0 |     24 |   1 |   41.0 |
          Lair |   3024 |   2838 |    186 |    406 |   1710 |   3 | 1008.0 |
               +--------+--------+--------+--------+--------+-----+--------+

Top non-repeatable levels by time:
  Lair:2: 1305 daAuts
     D:8: 1157 daAuts
     D:6: 1105 daAuts
    D:11: 1097 daAuts
     D:2: 1091 daAuts
    D:10: 1055 daAuts
     D:7: 1037 daAuts
     D:1: 1013 daAuts
     D:5: 982 daAuts
     D:9: 911 daAuts
  Lair:1: 877 daAuts
  Lair:3: 841 daAuts
     D:3: 813 daAuts
     D:4: 798 daAuts
  Temple: 41 daAuts
